Workbook

Sheet Cuadro Resumen
B2: Formulario B - PCC 2025
B3: COMPLETAR EL CÓDIGO DEL PROYECTO (Celda C3)
B4: RUBRO | C4: A financiar por ASaCTeI | D4: CONTROL
B5: GASTOS CORRIENTES
B6: Contratación de servicio de terceros | C6: ='Servicio de terceros'!E19 -> 0
B7: Gastos relacionados con la dirección del proyecto (Hasta el 5% del ANR) | C7: ='Direccion de proyecto'!E19 -> 0 | D7: =IF(C7<=0.05*C14,"CORRECTO","INCORRECTO") -> CORRECTO
B8: Insumos | C8: =Insumos!E19 -> 0
B9: Gastos de traslados y alojamiento (Hasta el 20% del ANR) | C9: ='Gastos de traslado y alojamient'!E19 -> 0 | D9: =IF(C9<=0.2*C14,"CORRECTO","INCORRECTO") -> CORRECTO
B10: Gastos de administración de entidad santafesina administradora de fondos (Hasta el 7% del ANR) | C10: ='Administración '!E19 -> 0 | D10: =IF(C10<=0.07*C14,"CORRECTO","INCORRECTO") -> CORRECTO
B11: GASTOS DE CAPITAL
B12: Equipamiento necesario para la ejecución del proyecto. | C12: =Equipamiento!E19 -> 0
B13: Material de prueba, ensayos y laboratorios | C13: =Materiales!E19 -> 0
B14: TOTAL | C14: =SUM(C6:C13) -> 0 | D14: =IF(C14<=20000000,"CORRECTO","INCORRECTO") -> CORRECTO
C16: RESUEMEN CLASIFICACIÓN RUBROS - DGA
C17: Gastos Corrientes | D17: =SUM(C6:C10) -> 0
C18: Gastos de Capital | D18: =SUM(C12:C13) -> 0
C19: TOTAL | D19: =SUM(D17:D18) -> 0 | E19: =IF(D19=C14,"CORRECTO","INCORRECTO") -> CORRECTO
B22: Definición de los rubros:
B23: Contratación de servicio de terceros: Erogaciones relacionadas con la ejecución de las actividades de cultura científica, servicios o asesoramiento de comunicadores, artistas o técnicos, fletes, alquiler de carpas, sonido, iluminación, pantallas, confección de vestuario, impresiones, etc. Dentro de este rubro se permite que facturen sus servicios las personas descritas en el punto 1.5.4.II de las presentes Bases y Condiciones.
B24: Gastos relacionados con la dirección del proyecto : Servicios prestados por la persona que dirige y/o la que co-dirige el proyecto. Hasta un 5% del ANR.
B25: Insumos
B26: Gastos de traslados y alojamiento: hasta un 20% del ANR.
B27: Gastos de administración de ESAF: hasta un 7% del ANR podrá destinarse a este rubro
B28: Equipamiento necesario para la ejecución del proyecto.
B29: Material de prueba, ensayos y laboratorios
B31: La existencia de gastos innecesarios, no debidamente justificados, no acordes al desarrollo y/o implementación del proyecto presentado, o que excedan los valores de mercado, podrán dar lugar a la descalificación de la propuesta o a una disminución del monto del aporte no reintegrable
E34: ---------------------------------
E35: Firma y aclaración / sello de la persona a cargo de la dirección del proyecto

Sheet Justificación
B2: Utilizar en caso de ser necesario, aclarando el rubro al cual se hace referencia.
B5: Justificación de los gastos del rubro

Sheet Direccion de proyecto
B1: Gastos relacionados con la dirección del proyecto (Hasta el 20% del ANR)
B2: Descripción del Ítem | C2: Precio Unitario | D2: Cantidad | E2: Total
E3: =C3*D3 -> 0
E4: =C4*D4 -> 0
E5: =C5*D5 -> 0
E6: =C6*D6 -> 0
E7: =C7*D7 -> 0
E8: =C8*D8 -> 0
E9: =C9*D9 -> 0
E10: =C10*D10 -> 0
E11: =C11*D11 -> 0
E12: =C12*D12 -> 0
E13: =C13*D13 -> 0
E14: =C14*D14 -> 0
... E18: =C18*D18 -> 0
B19: TOTAL OTROS GASTOS | E19: =SUM(E3:E18) -> 0
B21: Justificación de los gastos del rubro
G23: a

Sheet Servicio de terceros
B1: Contratación de servicio de terceros
B2: Descripción del Ítem | C2: Precio Unitario | D2: Cantidad | E2: Total
E3: =C3*D3 -> 0
E4: =C4*D4 -> 0
E5: =C5*D5 -> 0
E6: =C6*D6 -> 0
E7: =C7*D7 -> 0
E8: =C8*D8 -> 0
E9: =C9*D9 -> 0
E10: =C10*D10 -> 0
E11: =C11*D11 -> 0
E12: =C12*D12 -> 0
E13: =C13*D13 -> 0
E14: =C14*D14 -> 0
... E18: =C18*D18 -> 0
B19: TOTAL OTROS GASTOS | E19: =SUM(E3:E18) -> 0
B21: Justificación de los gastos del rubro

Sheet Insumos
B1: Materiales e insumos
B2: Descripción del Ítem | C2: Precio Unitario | D2: Cantidad | E2: Total
E3: =C3*D3 -> 0
E4: =C4*D4 -> 0
E5: =C5*D5 -> 0
E6: =C6*D6 -> 0
E7: =C7*D7 -> 0
E8: =C8*D8 -> 0
E9: =C9*D9 -> 0
E10: =C10*D10 -> 0
E11: =C11*D11 -> 0
E12: =C12*D12 -> 0
E13: =C13*D13 -> 0
E14: =C14*D14 -> 0
... E18: =C18*D18 -> 0
B19: TOTAL OTROS GASTOS | E19: =SUM(E3:E18) -> 0
B21: Justificación de los gastos del rubro

Sheet Gastos de traslado y alojamient
B1: Gastos de traslados y alojamiento
B2: Descripción del Ítem | C2: Precio Unitario | D2: Cantidad | E2: Total
E3: =C3*D3 -> 0
E4: =C4*D4 -> 0
E5: =C5*D5 -> 0
E6: =C6*D6 -> 0
E7: =C7*D7 -> 0
E8: =C8*D8 -> 0
E9: =C9*D9 -> 0
E10: =C10*D10 -> 0
E11: =C11*D11 -> 0
E12: =C12*D12 -> 0
E13: =C13*D13 -> 0
E14: =C14*D14 -> 0
... E18: =C18*D18 -> 0
B19: TOTAL OTROS GASTOS | E19: =SUM(E3:E18) -> 0
B21: Justificación de los gastos del rubro

Sheet Administración 
B1: Gastos de administración de entidad administradora de los fondos
B2: Descripción del Ítem | C2: Precio Unitario | D2: Cantidad | E2: Total
E3: =C3*D3 -> 0
E4: =C4*D4 -> 0
E5: =C5*D5 -> 0
E6: =C6*D6 -> 0
E7: =C7*D7 -> 0
E8: =C8*D8 -> 0
E9: =C9*D9 -> 0
E10: =C10*D10 -> 0
E11: =C11*D11 -> 0
E12: =C12*D12 -> 0
E13: =C13*D13 -> 0
E14: =C14*D14 -> 0
... E18: =C18*D18 -> 0
B19: TOTAL OTROS GASTOS | E19: =SUM(E3:E18) -> 0
B21: Justificación de los gastos del rubro

Sheet Equipamiento
B1: Equipamiento esencial para el desarrollo del proyecto
B2: Descripción del Ítem | C2: Precio Unitario | D2: Cantidad | E2: Total
E3: =C3*D3 -> 0
E4: =C4*D4 -> 0
E5: =C5*D5 -> 0
E6: =C6*D6 -> 0
E7: =C7*D7 -> 0
E8: =C8*D8 -> 0
E9: =C9*D9 -> 0
E10: =C10*D10 -> 0
E11: =C11*D11 -> 0
E12: =C12*D12 -> 0
E13: =C13*D13 -> 0
E14: =C14*D14 -> 0
... E18: =C18*D18 -> 0
B19: TOTAL OTROS GASTOS | E19: =SUM(E3:E18) -> 0
B21: Justificación de los gastos del rubro

Sheet Materiales
B1: Materiales de prueba, ensayos y laboratorios
B2: Descripción del Ítem | C2: Precio Unitario | D2: Cantidad | E2: Total
E3: =C3*D3 -> 0
E4: =C4*D4 -> 0
E5: =C5*D5 -> 0
E6: =C6*D6 -> 0
E7: =C7*D7 -> 0
E8: =C8*D8 -> 0
E9: =C9*D9 -> 0
E10: =C10*D10 -> 0
E11: =C11*D11 -> 0
E12: =C12*D12 -> 0
E13: =C13*D13 -> 0
E14: =C14*D14 -> 0
... E18: =C18*D18 -> 0
B19: TOTAL OTROS GASTOS | E19: =SUM(E3:E18) -> 0
B21: Justificación de los gastos del rubro
